AoeStats
← cryptid

Nomad

510318301Analyzed
4v4 RM · 15h ago on Sep 30, 2026· 45m 18s· 8 players
Game mode
Random Map
Map size
231×231
Population
200
Speed
Normal
Resources
Standard
Victory
Conquest
Starting age
Dark Age
Ending age
Imperial Age
RankedLock teamsTeams togetherTeam positionsShared explorationLock speedFull tech treeHidden civsTurbo modeCheats
Victory
Defeat
🇹🇼 Vietnamese · Taiwan
1496
+10
🇹🇼 Spanish · Taiwan
1288
+19
🇹🇼 Persians · Taiwan
1249
+20
🇹🇼 Khmer · Taiwan
1228
+20
🇨🇳 Dravidians · China
1371
-18
🇦🇷 Persians · Argentina
1354
-18
🇩🇪 Varangians · Germany
1339
-17
🇦🇷 Bengalis · Argentina
1320
-16
| ArCas | El BrancaS
10:51 Loom
13:09 Feudal Age
17:44 Castle Age
16:40 Forging
17:23 Double-Bit Axe
19:55 Bow Saw
21:24 Scale Barding Armor
36:27 Gold Mining
38:15 Horse Collar
39:46 Bloodlines
39:26 Town Watch
40:45 Chain Barding Armor
41:16 Husbandry
42:53 Wheelbarrow
43:26 Iron Casting
cryptid
3:44 Loom
5:34 Loom
14:14 Feudal Age
18:20 Castle Age
16:59 Fishing Lines
17:24 Fletching
17:31 Double-Bit Axe
18:36 Town Watch
19:32 Bow Saw
20:57 Forging
20:42 Bodkin Arrow
21:00 Gold Mining
23:47 Wheelbarrow
23:24 Medium Warships
23:05 Gillnets
31:46 Imperial Age
30:25 Padded Archer Armor
30:45 Hand Cart
30:12 Horse Collar
34:02 Chemistry
33:03 Bracer
34:10 Conscription
34:38 Murder Holes
35:50 Elite Skirmisher
38:40 Heavy Plow
39:45 Two-Man Saw
38:40 Crossbowman
40:46 Arbalester
41:32 Thumb Ring
43:25 Man-at-Arms
44:05 Squires
43:51 Arson
43:51 Gambesons
43:27 Pikeman
Agua Mineral
3:04 Loom
13:25 Feudal Age
16:48 Horse Collar
18:03 Town Watch
20:51 Castle Age
22:26 Wheelbarrow
23:26 Redemption
23:27 Double-Bit Axe
24:24 Sanctity
24:31 Hand Cart
27:09 Town Patrol
[VYRE] Vantage
3:26 Loom
16:51 Feudal Age
21:44 Castle Age
19:44 Stone Mining
19:52 Fletching
26:28 Double-Bit Axe
27:15 Bloodlines
27:18 Forging
44:53 Imperial Age
44:34 Vendel Legacy
45:21 Scale Barding Armor
橋本真也
5:15 Loom
16:15 Feudal Age
22:13 Castle Age
21:03 Scale Barding Armor
22:11 Forging
22:03 Double-Bit Axe
22:28 Horse Collar
24:58 Chain Barding Armor
31:18 Bow Saw
36:03 Wheelbarrow
36:58 Wheelbarrow
40:30 Iron Casting
42:48 Imperial Age
41:14 Hand Cart
41:28 Bloodlines
41:19 Husbandry
42:36 Cavalier
44:29 Plate Barding Armor
Junyou
13:59 Feudal Age
12:22 Loom
17:36 Castle Age
16:11 Double-Bit Axe
16:30 Gold Mining
18:47 Medium Warships
18:39 Fletching
19:01 Bow Saw
21:37 Bodkin Arrow
22:06 Padded Archer Armor
24:20 Wheelbarrow
26:51 Town Watch
32:42 Ballistics
33:51 Leather Archer Armor
40:43 Imperial Age
39:11 Hand Cart
40:21 Stone Mining
40:12 Horse Collar
42:07 Bracer
43:03 Bracer
46:17 Ring Archer Armor
andyz070300
5:54 Loom
13:34 Feudal Age
17:16 Castle Age
17:04 Bloodlines
16:47 Double-Bit Axe
17:02 Gold Mining
22:22 Husbandry
32:24 Imperial Age
34:54 Gold Shaft Mining
34:22 Horse Collar
34:58 Stone Mining
36:57 Stone Shaft Mining
37:26 Bow Saw
40:29 Forging
40:24 Scale Barding Armor
40:54 Cavalier
44:17 Iron Casting
44:03 Chain Barding Armor
45:42 Conscription
46:53 Blast Furnace
GARCIA1979
4:20 Loom
15:27 Feudal Age
19:05 Castle Age
20:29 Double-Bit Axe
21:20 Gold Mining
21:42 Bow Saw
27:37 Wheelbarrow
26:48 Town Watch
27:19 Horse Collar
33:16 Heavy Plow
33:24 Fishing Lines
34:10 Gillnets
39:22 Imperial Age
37:30 Hand Cart
40:45 Cavalier
41:36 Bloodlines
41:26 Husbandry
42:31 Scale Barding Armor
42:37 Forging
42:36 Paladin
Connection lost

Rejoining the realm…

Still unreachable

The connection could not be restored.

Session expired

The server has moved on; the page needs a fresh start.